 Dungeon Crawl Stone Soup version 0.30.0-5-g1a98f26d00 (webtiles) character file.

Game seed: 4609406643173055186

54 Woods the Ruffian (level 3, -1/32 HPs)
             Began as a Naga Transmuter on May 11, 2023.
             Killed from afar by Sigmund (5 damage)
             ... with a magic dart
             ... on level 2 of the Dungeon.
             The game lasted 00:04:27 (2311 turns).

Woods the Ruffian (Naga Transmuter)                 Turns: 2311, Time: 00:04:28

Health: -1/32      AC:  3    Str: 12    XL:     3   Next: 91%
Magic:  6/6        EV:  9    Int: 15    God:
Gold:   49         SH:  0    Dex: 11    Spells: 5/6 levels left

rFire   . .          .
                       - Unarmed
rCold   . . .        (no shield)
rNeg    . . .        a - +0 robe
rPois   +            (no helmet)
rElec   .            (no cloak)
rCorr   +            i - +0 pair of gloves
SInv    +            (no barding)
Will    .....        (no amulet)
Stlth   +            l - ring of resist corrosion
HPRegen 0.25/turn    (no ring)
MPRegen 0.10/turn

%: no passive effects
@: very slow
A: AC +1, large, see invisible, deformed body, poison resistance, slowness 2,
spit poison 1, naga tail 1
a: Spit Poison


You were on level 2 of the Dungeon.
You visited 1 branch of the dungeon, and saw 2 of its levels.

You collected 49 gold pieces.

Inventory:

Armour
 a - a +0 robe (worn)
 i - a +0 pair of gloves (worn)
Jewellery
 l - a ring of resist corrosion (left hand)
Scrolls
 c - a scroll of vulnerability {unknown}
 d - a scroll of teleportation {unknown}
 f - a scroll of poison {unknown}
 g - 2 scrolls of summoning {unknown}
 h - a scroll of blinking {unknown}
 k - a scroll of identify {unknown}
Potions
 e - a potion of flight
 j - a potion of haste {unknown}
 m - a potion of curing {unknown}


   Skills:
 * Level 2.1 Fighting
 - Level 1.5 Dodging
 * Level 3.6 Unarmed Combat
 + Level 2.3 Spellcasting
 + Level 2.4 Transmutations


You had 5 spell levels left.
You knew the following spells:

 Your Spells              Type           Power      Damage    Failure   Level
a - Beastly Appendage     Tmut           18%        N/A       8%          1

Your spell library contained the following spells:

 Spells                   Type           Power      Damage    Failure   Level
 Wereblood                Tmut           9%         N/A       12%         2
 Spider Form              Tmut/Pois      5%         N/A       36%         3
 Ice Form                 Ice/Tmut       5%         N/A       78%         4


Dungeon Overview and Level Annotations

Branches:
Dungeon (2/15)

Altars:

Annotations:
D:2 Sigmund


Innate Abilities, Weirdness & Mutations

Your serpentine skin is tough. (AC +1)
You have supernaturally acute eyesight. (SInv)
Armour fits poorly on your strangely shaped body.
Your system is resistant to poisons. (rPois)
You cover ground very slowly.
You can spit poison.
You have a snake-like lower body.


Message History

Press: ? - help, Shift-Dir - straight line, f/p - Sigmund
Aim: Sigmund, wielding a +2 scythe of flaming, wearing a +0 robe and carrying a wand of roots (5) (severely wounded, slightly transparent, 54% to hit)
The splash of poison misses Sigmund.
Sigmund casts a spell at you.
The magic dart hits you but does no damage.
The grasping roots constrict you.
The grasping roots release their grip on you.
Sigmund points at you and mumbles some strange words.
The puff of flame hits you but does no damage.
Sigmund zaps a wand.
The roots erupt in riotous growth!
The grasping roots grab you! The grasping roots constrict you.
Unknown command.
You have got your breath back.
Sigmund hits you but does no damage. The grasping roots constrict you.
Aiming: Spit Poison (2% risk of failure)
Press: ? - help, Shift-Dir - straight line, f/p - Sigmund
Aim: Sigmund, wielding a +2 scythe of flaming, wearing a +0 robe and carrying a wand of roots (4) (severely wounded, slightly transparent, 54% to hit)
The splash of poison misses Sigmund.
Unknown command.
Sigmund hits you but does no damage. The grasping roots constrict you.
The grasping roots release their grip on you.
You feel less wooden.
Your +0 pair of gloves unmelds from your body.
Your +0 robe unmelds from your body.
Sigmund hits you from afar with a +2 scythe of flaming!
* * * LOW HITPOINT WARNING * * *
Sigmund burns you.
* * * LOW HITPOINT WARNING * * *
You can't do that yet.
Unknown command.
Sigmund gestures wildly while chanting.
Sigmund flickers and vanishes for a moment.
You can't do that yet.
Unknown command.
Okay, then.
You have got your breath back.
Sigmund gestures at you while chanting. The magic dart hits you.
You die...

############# #....@.......
##########@################
.......[...................
.#######.#.################
#..).# #....# ### #+..+#
#..


.PPP #.. ##PP.# #.. ##.## #.. You could see Sigmund (invisible).

Vanquished Creatures
  An adder (D:2)
  2 worms (D:2)
  A dart slug (D:2)
  3 bats
  An endoplasm (D:2)
  A giant cockroach (D:1)
  9 goblins
  4 hobgoblins (D:2)
  2 jackals (D:1)
  5 ball pythons
  2 frilled lizards
  A kobold (D:2)
  4 rats
36 creatures vanquished.

Notes
Turn   | Place    | Note
-------+----------+-------------------------------------------
     0 | D:1      | Woods the Naga Transmuter began the quest for the Orb.
     0 | D:1      | Reached XP level 1. HP: 18/18 MP: 3/3
   413 | D:1      | Reached XP level 2. HP: 23/25 MP: 3/5
  1266 | D:1      | Reached XP level 3. HP: 11/32 MP: 6/6
  2264 | D:2      | Noticed Sigmund
  2311 | D:2      | Killed from afar by Sigmund

Illustrated notes

Levels and vault maps discovered:
D:1:      dpeg_arrival_fog, layout_basic, minmay_heptomino_l4
D:2:      kennysheep_the_goblin_king, layout_basic, uniq_crazy_yiuf_cottage,
          uniq_sigmund

Skill      XL: |  1  2  3 |
---------------+----------+-----
Fighting       | 2 |  2.1
Dodging        | |  1.5
Unarmed Combat | |  3.6
Spellcasting   | |  2.3
Transmutations | |  2.4

Action                     || total
---------------------------++-------
  Melee: Unarmed           ||   114
         Headbutt          ||    10
         Punch             ||     4
   Cast: Beastly Appendage ||    24
Ability: Spit Poison       ||    17
    Use: Potion            ||     2
 Armour: Robe              ||    46
         Skin              ||    18
  Dodge: Dodged            ||    77
